 Dungeon Crawl Stone Soup version 0.25.1-2-g60ff931df9 (webtiles) character file.

Game seed: 6651712861987395193

148 gruber the Ruffian (level 5, 0/40 HPs)
             Began as a Draconian Transmuter on Oct 4, 2020.
             Killed by divine providence
             ... invoked by an orc priest
              (8 damage)
             ... on level 4 of the Dungeon.
             The game lasted 00:03:20 (3269 turns).

gruber the Ruffian (Draconian Transmuter)           Turns: 3269, Time: 00:03:21

Health: 0/40       AC:  2    Str: 12    XL:     5   Next: 8%
Magic:  8/8        EV: 19    Int: 15    God:
Gold:   191        SH:  0    Dex: 16    Spells: 2/8 levels left

rFire    . . .     SeeInvis .     - Unarmed
rCold    . . .     Gourm    .   (shield currently unavailable)
rNeg     . . .     Faith    .   (armour unavailable)
rPois    x         Spirit   .   (helmet currently unavailable)
rElec    .         Reflect  .   (cloak currently unavailable)
rCorr    .         Harm     .   (gloves currently unavailable)
MR       .....                  (boots currently unavailable)
Stlth    ..........             d - amulet of magic regeneration
HPRegen  0.13/turn              b - ring of attention (curse)
MPRegen  0.36/turn              (no ring)

@: spider-form (expiring)
A: tiny, unfitting armour, AC +5
a: End Transformation


You were on level 4 of the Dungeon.
You were very hungry.
You were a venomous arachnid creature.
You visited 1 branch of the dungeon, and saw 4 of its levels.

You collected 191 gold pieces.

Inventory:

Missiles
 a - 27 arrows
 q - 13 poisoned darts (quivered)
Armour
 l - a +0 pair of gloves (melded)
Jewellery
 b - a cursed ring of attention (left front leg)
 d - an amulet of magic regeneration (around neck)
 p - an uncursed amulet of faith {unknown}
Scrolls
 e - a scroll of noise {unknown}
 f - a scroll of fog {unknown}
 g - 2 scrolls of enchant armour {unknown}
 h - a scroll of teleportation {unknown}
 i - 2 scrolls of immolation {unknown}
 m - 3 scrolls of remove curse {unknown}
 n - a scroll of magic mapping {unknown}
 o - a scroll of amnesia {unknown}
Potions
 j - a potion of curing {unknown}
 k - a potion of haste {unknown}
 s - a potion of invisibility {unknown}
 t - a potion of flight {unknown}
Comestibles
 c - 5 rations
 r - 3 chunks of flesh


   Skills:
 - Level 1.1 Fighting
 - Level 1.7 Dodging
 - Level 5.0 Unarmed Combat
 - Level 2.0 Spellcasting
 + Level 2.0 Transmutations
 * Level 2.6 Poison Magic


You had 2 spell levels left.
You knew the following spells:

 Your Spells              Type           Power        Failure   Level  Hunger
a - Beastly Appendage     Tmut           #.....       24%         1    #......
b - Sticks to Snakes      Tmut           #.......     32%         2    ###....
c - Spider Form           Tmut/Pois      #.........   47%         3    ###....

Your spell library contained the following spells:

 Spells                   Type           Power        Failure   Level  Hunger
 Ice Form                 Ice/Tmut       #.......     93%         4    #####..
 Blade Hands              Tmut           #.........   99%         5    ######.


Dungeon Overview and Level Annotations

Branches:
Dungeon (4/15)             Temple (0/1) D:4

Altars:
Elyvilon
Ru


Innate Abilities, Weirdness & Mutations

((Your plain brown scales are hard. (AC +5)))
You cannot fit into any form of body armour.
((You are cold-blooded and may be slowed by cold attacks.))


Message History

You closely miss the orc.
The orc is heavily wounded.
You hear the slow rusting of a very distant drain.
You closely miss the orc.
The orc is severely wounded.
You kill the orc!
The orc priest calls down the wrath of Beogh upon you.
Beogh smites you!
You are too injured to fight recklessly!
You are too injured to fight recklessly!
The orc priest misses you.
You see here a +0 leather armour.
You hit the orc priest but do no damage.
The orc priest is poisoned.
The orc priest hits you with a +0 short sword.
* * * LOW HITPOINT WARNING * * *
You closely miss the orc priest.
The orc priest mumbles some strange prayers to Beogh against you.
Beogh smites you!
You die...

#.......# +.......#.
#.......# #....$..#.
#.......# ####....##
#.......# .....##
#.#####.####........
#..........+... ..
#....<..####...
#####.####........#
#.....os.+........#
#.##.#####........#
#.##.#...#........#
#....#...#.........
######...+........#
#...#........#
#........#+#..#
#....รท...#.#..
##...#.#..... .


You could see an orc priest (very poisoned).

Vanquished Creatures
  A scorpion (D:4)
  2 hound skeletons (D:4)
  2 adders
  2 worms (D:4)
  A dart slug (D:2)
  2 orcs (D:4)
  3 giant cockroaches
  4 goblins (D:1)
  3 hobgoblins
  8 jackals
  A quokka (D:2)
  10 bats
  3 frilled lizards
  5 kobolds
  A quokka skeleton (D:4)
  7 rats
  2 bushes (D:3)
57 creatures vanquished.

Vanquished Creatures (collateral kills)
  An adder (D:4)
  A jackal (D:4)
2 creatures vanquished.

Grand Total: 59 creatures vanquished

Notes
Turn   | Place    | Note
-------+----------+-------------------------------------------
     0 | D:1      | gruber the Draconian Transmuter began the quest for the
                  | Orb.
     0 | D:1      | Reached XP level 1. HP: 16/16 MP: 3/3
   174 | D:1      | Reached XP level 2. HP: 19/23 MP: 5/5
  1077 | D:2      | Reached skill level 4 in Unarmed Combat
  1107 | D:2      | Reached XP level 3. HP: 23/28 MP: 6/6
  1117 | D:2      | Learned a level 2 spell: Sticks to Snakes
  1121 | D:2      | Learned a level 3 spell: Spider Form
  1698 | D:2      | Found a faded altar of an unknown god.
  2326 | D:3      | Found a sacrificial altar of Ru.
  2682 | D:3      | Found a white marble altar of Elyvilon.
  3122 | D:4      | Reached skill level 5 in Unarmed Combat
  3122 | D:4      | Reached XP level 4. HP: 18/35 MP: 3/7
  3177 | D:4      | Reached skill level 1 in Poison Magic
  3215 | D:4      | Reached XP level 5. HP: 18/40 MP: 4/8
  3217 | D:4      | Found a staircase to the Ecumenical Temple.
  3269 | D:4      | Killed from afar by an orc priest

Illustrated notes

Levels and vault maps discovered:
D:1:      dpeg_arrival_radiant, layout_loops_ring, serial_park_tiny_1
D:2:      layout_basic, chequers_ecumenical_altar_island,
          kennysheep_generic_room_9
D:3:      layout_basic, elyvilon_altar_1, old_standard_altar, serial_forest,
          infiniplex_forest_lined_2, infiniplex_forest_lined_2,
          infiniplex_forest_clump_diagonal, infiniplex_forest_zigzag_2,
          infiniplex_forest_straight_4, infiniplex_forest_join
D:4:      layout_basic, marbit_many_paths, minmay_temple_entry_grid,
          serial_shops, shop, portal_sewer_entry_b, uniq_blork_the_orc

Skill      XL: |  1  2  3  4 |
---------------+-------------+-----
Unarmed Combat | 4 5 |  5.0
Poison Magic   | 2 |  2.6
Fighting       | |  1.1
Dodging        | |  1.7
Spellcasting   | |  2.0
Transmutations | |  2.0

Action                   |  1- 3 |  4- 6 || total
-------------------------+-------+-------++-------
Melee: Unarmed           |   399 |    39 ||   438
       Headbutt          |     7 |       ||     7
       Tailslap          |    61 |     7 ||    68
       Kick              |    38 |       ||    38
       Punch             |    14 |       ||    14
 Cast: Beastly Appendage |    17 |       ||    17
       Sticks to Snakes  |     2 |     4 ||     6
       Spider Form       |       |     1 ||     1
 Stab: Sleeping          |     1 |       ||     1
  Eat: Chunk             |     8 |       ||     8
Armor: Skin              |    93 |     8 ||   101
Dodge: Dodged            |   149 |    21 ||   170
